 Dungeon Crawl Stone Soup version 0.27-a0-1184-ge86db4a01e (webtiles) character file.

Game seed: 5849957847097867644

438 Shayle the Firebug (level 7, -1/82 HPs)
             Began as a Naga Fire Elementalist on May 18, 2021.
             Was an Initiate of Vehumet.
             Slain by a mummy (10 damage)
             ... in an ossuary.
             The game lasted 00:17:03 (4628 turns).

Shayle the Firebug (Naga Fire Elementalist)         Turns: 4628, Time: 00:17:04

Health: -1/82      AC: 23    Str: 11    XL:     7   Next: 1%
Magic:  1/11       EV:  1    Int: 17    God:    Vehumet [......]
Gold:   187        SH:  0    Dex: 17    Spells: 4/12 levels left

rFire    . . .     SeeInvis +   h - +1 long sword (freeze)
rCold    . . .     Faith    .   (no shield)
rNeg     + + +     Spirit   .   (armour currently unavailable)
rPois    +         Reflect  .   (helmet currently unavailable)
rElec    .         Harm     .   (cloak currently unavailable)
rCorr    .         Rampage  .   (gloves currently unavailable)
Will     .....     NoTele   +   (no barding)
Stlth    +++.......             (no amulet)
HPRegen  0.23/turn              e - +6 ring of dexterity
MPRegen  0.12/turn              (no ring)

@: tree-form
A: stationary, stasis, torment immunity, boosted hp, AC +2, large, see
invisible, (deformed body), (poison resistance), (slowness 2), spit poison 1,
(naga tail 1)
a: Spit Poison, Renounce Religion


You were in an ossuary.
You worshipped Vehumet.
Vehumet was noncommittal.
You were a tree.
You visited 1 branch of the dungeon, and saw 5 of its levels.
You also visited: Ossuary.

You collected 187 gold pieces.

Inventory:

Hand Weapons
 h - a +1 long sword of freezing (weapon)
Missiles
 p - 5 boomerangs of dispersal
Armour
 a - a +0 robe (melded)
 i - a +1 helmet (melded)
 r - a +0 pair of gloves
 t - the +1 robe of the Cooper {rElec rC- rN+++ rCorr}
   (You found it on level 4 of the Dungeon)

   It makes you vulnerable to cold.
   It insulates you from electricity.
   It renders you almost immune to negative energy.
   It protects you from acid and corrosion.
Jewellery
 e - a +6 ring of dexterity (left branch)
 o - a ring of resist corrosion
Wands
 m - a wand of iceblast (8)
 q - a wand of polymorph (11)
Scrolls
 d - a scroll of teleportation
 g - 2 scrolls of magic mapping
 k - a scroll of fog
 s - a scroll of enchant armour
 u - a scroll of enchant weapon
Potions
 b - a potion of berserk rage {unknown}
 c - 2 potions of lignification
 f - a potion of curing
 j - a potion of magic {unknown}
 l - a potion of mutation {unknown}
 n - a potion of attraction {unknown}


   Skills:
 - Level 1.5 Dodging
 - Level 5.0 Stealth
 + Level 3.1 Spellcasting
 + Level 2.6 Conjurations
 + Level 6.1 Fire Magic


You had 4 spell levels left.
You knew the following spells:

 Your Spells              Type           Power      Damage    Failure   Level
a - Foxfire               Conj/Fire      68%        2x1d7     2%          1
b - Conjure Flame         Conj/Fire      17%        6-21      9%          3
c - Sticky Flame          Conj/Fire      17%        2d4       28%         4

Your spell library contained the following spells:

 Spells                   Type           Power      Damage    Failure   Level
 Inner Flame              Hex/Fire       13%        N/A       16%         3
 Fireball                 Conj/Fire      8%         3d6       61%         5


Dungeon Overview and Level Annotations

Branches:
Dungeon (5/15)            Ossuary (1/1)
 Temple: D:4-7

Altars:
Gozag
Makhleb
Nemelex Xobeh
Qazlal
Vehumet
The Shining One

Annotations:
D:3 3 runed translucent doors, ZappyNine's ghost, amateur FoFi


Innate Abilities, Weirdness & Mutations

You are a tree.
Your roots penetrate the ground, keeping you stationary.
You cannot be teleported.
You are immune to unholy pain and torment.
Your maximum health is greatly increased.
Your equipment is partially melded.
((Your serpentine skin is tough. (AC +2)))
You have supernaturally acute eyesight. (SInv)
((Armour fits poorly on your strangely shaped body.))
((Your system is resistant to poisons. (rPois)))
((You cover ground very slowly.))
You can spit poison.
((You have a snake-like lower body.))


Message History

The mummy is covered in liquid flames!
The mummy burns!
The mummy barely misses you. The mummy hits you! The mummy closely misses you.
You hit the mummy.
The mummy is lightly damaged.
The mummy burns!
You destroy the mummy!
Vehumet accepts your kill. The mummy hits you! The mummy barely misses you.
You riposte.
You hit the mummy. You freeze the mummy.
The mummy is moderately damaged.
You have reached level 7!
Really quaff the potion of lignification?
You turn into a tree.
Your +1 helmet melds into your body.
Your +0 robe melds into your body.
Your roots penetrate the ground.
The mummy hits you!
You barely miss the mummy.
The mummy is lightly damaged.
The mummy completely misses you.
You hit the mummy but do no damage.
The mummy is lightly damaged.
The mummy hits you. The mummy hits you!
* * * LOW HITPOINT WARNING * * *
You hit the mummy. You freeze the mummy.
The mummy is heavily damaged.
The mummy hits you but does no damage. The mummy hits you.
* * * LOW HITPOINT WARNING * * *
You hit the mummy. You freeze the mummy.
The mummy is almost destroyed.
The mummy hits you!
* * * LOW HITPOINT WARNING * * *
The mummy hits you.
* * * LOW HITPOINT WARNING * * *
You are too injured to fight recklessly!
You feel better. The mummy hits you.
* * * LOW HITPOINT WARNING * * *
Your magical contamination has completely faded away.
Casting: Sticky Flame (dangerous; 28% risk of failure)
Confirm with . or Enter, or press ? or * to list all spells.
You conjure some foxfire!
The mummy hits you!
You die...

# ### ###Z#
######..#
......#vM....##
......+♣M.∩...#
......#v.....##
###Z# ######..#
# ###


You could see 2 mummies.

Vanquished Creatures
  An orc priest (D:4)
  A hound (D:3)
  2 bullfrog skeletons
  Natasha (thrice) (D:2)
  3 orc wizards
  A mummy (Ossuary)
  5 adders
  An ufetubus (D:4)
  3 worms
  2 dart slugs
  17 orcs
  6 endoplasms
  3 giant cockroaches
  8 goblins
  6 hobgoblins
  9 jackals
  4 kobolds
  2 quokkas (D:3)
  9 ball pythons
  A bat (D:1)
  5 frilled lizards
  4 rats
96 creatures vanquished.

Vanquished Creatures (others)
  233 foxfires
233 creatures vanquished.

Grand Total: 329 creatures vanquished

Notes
Turn   | Place    | Note
-------+----------+-------------------------------------------
     0 | D:1      | Shayle the Naga Fire Elementalist began the quest for the
                  | Orb.
     0 | D:1      | Reached XP level 1. HP: 15/15 MP: 3/3
   389 | D:1      | Reached XP level 2. HP: 14/22 MP: 0/5
   759 | D:1      | Found a faded altar of an unknown god.
  1024 | D:1      | Reached XP level 3. HP: 28/28 MP: 3/6
  1643 | D:2      | Reached skill level 5 in Stealth
  1643 | D:2      | Reached skill level 4 in Fire Magic
  1643 | D:2      | Reached XP level 4. HP: 27/36 MP: 2/7
  1791 | D:2      | Noticed Natasha
  1804 | D:2      | Killed Natasha
  1812 | D:2      | Noticed Natasha
  1824 | D:2      | Killed Natasha
  1825 | D:2      | Reached XP level 5. HP: 15/42 MP: 1/8
  2096 | D:2      | Reached skill level 5 in Fire Magic
  2236 | D:2      | Noticed Natasha
  2241 | D:2      | Killed Natasha
  2451 | D:3      | Found a burning altar of Makhleb.
  2529 | D:3      | Learned a level 3 spell: Conjure Flame
  2534 | D:3      | Learned a level 4 spell: Sticky Flame
  2659 | D:3      | Found a sparkling altar of Nemelex Xobeh.
  2879 | D:3      | Found a glowing golden altar of the Shining One.
  3263 | D:3      | Found a runed translucent gate.
  3264 | D:3      | Found a runed translucent gate.
  3265 | D:3      | Found a runed translucent gate.
  3266 | D:3      | Found an opulent altar of Gozag.
  3267 | D:3      | Noticed ZappyNine's ghost (amateur FoFi)
  3310 | D:4      | Reached XP level 6. HP: 43/49 MP: 5/9
  3633 | D:4      | Found a radiant altar of Vehumet.
  3852 | D:4      | Became a worshipper of Vehumet
  4144 | D:4      | Reached skill level 6 in Fire Magic
  4184 | D:4      | Identified the +1 robe of the Cooper {rElec rC- rN+++
                  | rCorr}
  4477 | D:4      | Found a stormy altar of Qazlal.
  4507 | D:5      | Entered Level 5 of the Dungeon
  4602 | D:5      | Found a sand-covered staircase.
  4611 | Ossuary  | Entered an ossuary
  4622 | Ossuary  | Reached XP level 7. HP: 25/55 MP: 1/11
  4626 | Ossuary  | HP: 4/82 [mummy (12)]
  4626 | Ossuary  | HP: 1/82 [mummy (3)]
  4628 | Ossuary  | Slain by a mummy

Illustrated notes

Levels and vault maps discovered:
D:1:      dpeg_arrival_shelter, layout_loops_ring, ebering_ecumenical_altar_rust
D:2:      layout_rooms, uniq_natasha
D:3:      layout_loops_ring, nemelex_xobeh_ov_fountains_minmay,
          lemuel_round_altar, bloody_makhleb, ebering_ghost_gozag,
          minmay_quantized
D:4:      layout_cave_pools, lemuel_coloured_pillars_altar,
          nicolae_vehumet_altar_sigil
D:5:      layout_rooms, general_overflow_altar, chequers_ossuary_entry_cave
Ossuary:  ossuary_minmay_chase

Skill      XL: |  1  2  3  4  5  6 |
---------------+-------------------+-----
Stealth        | 4 5 |  5.0
Fire Magic     | 4 5 6 |  6.1
Conjurations   | 2 |  2.6
Spellcasting   | 3 |  3.1
Dodging        | |  1.5

Action                   |  1- 3 |  4- 6 |  7- 9 || total
-------------------------+-------+-------+-------++-------
Melee: Unarmed           |    10 |       |       ||    10
       Long sword        |       |    63 |     4 ||    67
 Cast: Foxfire           |    56 |    79 |     1 ||   136
       Sticky Flame      |       |     1 |       ||     1
 Abil: Spit Poison       |     6 |       |       ||     6
  Use: Scroll            |     3 |     9 |       ||    12
       Potion            |     1 |       |     2 ||     3
 Stab: Sleeping          |       |     6 |       ||     6
       Distracted        |       |     1 |       ||     1
Armor: Robe              |    12 |    31 |       ||    43
       Skin              |       |       |     1 ||     1
Dodge: Dodged            |    48 |    74 |     1 ||   123
       Rpst.: Long sword |       |    20 |       ||    20

Table legend: (Time is in decaauts)
 A = Elapsed time spent in this place.
 B = Non-inter-level travel time spent in this place.
 C = Inter-level travel time spent in this place.
 D = Time resting spent in this place.
 E = Time spent auto-exploring this place.
 F = Levels seen in this place.
 G = Mean time per level.
                   A        B        C        D        E       F      G
               +--------+--------+--------+--------+--------+-----+--------+
         Total |   5558 |   5412 |    146 |   1035 |   3129 |   6 |  926.3 |
       Dungeon |   5538 |   5392 |    146 |   1035 |   3129 |   5 | 1107.6 |
       Ossuary |     20 |     20 |      0 |      0 |      0 |   1 |   20.0 |
               +--------+--------+--------+--------+--------+-----+--------+

Top non-repeatable levels by time:
     D:1: 1507 daAuts
     D:3: 1368 daAuts
     D:4: 1326 daAuts
     D:2: 1192 daAuts
     D:5: 143 daAuts
 Ossuary: 20 daAuts
